 Dungeon Crawl Stone Soup version 0.28.0-53-g5a82cb258f (webtiles) character file.

Game seed: 13494233461453740737

3094 DemonSlayer the Sneak (level 9, -2/61 HPs)
             Began as a Demonspawn Fire Elementalist on Aug 18, 2022.
             Was a Follower of Cheibriados.
             Shot with a bolt by a tengu warrior (19 damage)
             ... on level 8 of the Dungeon.
             The game lasted 00:20:50 (8611 turns).

DemonSlayer the Sneak (DsFE)                        Turns: 8611, Time: 00:20:51

Health: -2/61      AC:  6    Str: 10    XL:     9   Next: 59%
Magic:  0/18       EV: 13    Int: 31    God:    Cheibriados [*.....]
Gold:   374        SH:  0    Dex: 16    Spells: 0/20 levels left

rFire   + . .      SeeInvis .   x - +9 whip of Drought {flame, Fly rElec rF+ Str-3}
rCold   . . .      Faith    .   (no shield)
rNeg    . . .      Spirit   +   a - +0 robe
rPois   +          Reflect  .   (helmet unavailable)
rElec   +          Harm     .   j - +2 cloak
rCorr   .          Rampage  .   c - +0 pair of gloves
Will    .....                   (no boots)
Stlth   ++++......              m - amulet of guardian spirit
HPRegen 0.20/turn               n - ring of poison resistance
MPRegen 0.16/turn               s - +6 ring of intelligence

@: lethally poisoned (-2 -> -5), flying, very slow
A: horns 3, demonic guardian 1, big brain 1, demonic magic 1
a: Renounce Religion, Bend Time


You were on level 8 of the Dungeon.
You worshipped Cheibriados.
Cheibriados was aware of your devotion.
You visited 2 branches of the dungeon, and saw 10 of its levels.

You collected 374 gold pieces.

Inventory:

Hand Weapons
 b - a +2 dagger of draining
 x - the +9 whip of Drought (weapon) {flame, Fly rElec rF+ Str-3}
   (You found it on level 7 of the Dungeon)

   It burns those it strikes, dealing additional fire damage.
   Str:       It affects your strength (-3).
   rF:        It protects you from fire.
   rElec:     It insulates you from electricity.
   Fly:       It grants you flight.
Armour
 a - a +0 robe (worn)
 c - a +0 pair of gloves (worn)
 j - a +2 cloak (worn)
 B - a +1 ring mail of positive energy
Jewellery
 m - an amulet of guardian spirit (around neck)
 n - a ring of poison resistance (left hand)
 s - a +6 ring of intelligence (right hand)
 C - a ring of see invisible
Wands
 o - a wand of flame (12)
Scrolls
 f - a scroll of teleportation
 i - 2 scrolls of amnesia
 p - a scroll of fog
Potions
 e - 3 potions of heal wounds
 g - 2 potions of haste
 h - a potion of resistance
 l - a potion of might {unknown}
 r - 2 potions of curing
 v - 2 potions of lignification
 z - a potion of berserk rage
 A - a potion of flight
 D - a potion of degeneration


   Skills:
 + Level 1.7 Fighting
 + Level 3.3 Short Blades
 + Level 2.0 Maces & Flails
 + Level 3.4 Dodging
 + Level 7.1 Stealth
 + Level 6.3 Spellcasting
 + Level 2.5 Conjurations
 + Level 6.7 Fire Magic


You couldn't memorise any spells.
You knew the following spells:

 Your Spells              Type           Power      Damage    Failure   Level
a - Foxfire               Conj/Fire      100%       2x1d9     1%          1
b - Scorch                Fire           100%       2d10      1%          2
c - Conjure Flame         Conj/Fire      38%        6-21      2%          3
d - Flame Wave            Conj/Fire      38%        2d9       7%          4
e - Olgreb's Toxic Radia  Pois           9%         N/A       43%         4
f - Teleport Other        Tloc           9%         N/A       14%         3
g - Stone Arrow           Conj/Erth      34%        3d9       9%          3

Your spell library contained the following spells:

 Spells                   Type           Power      Damage    Failure   Level
 Inner Flame              Hex/Fire       30%        N/A       3%          3
 Sandblast                Erth           18%        2d7       4%          1
 Sting                    Tmut/Pois      36%        1d4       4%          1
 Ensorcelled Hibernation  Hex/Ice        18%        N/A       7%          2
 Passwall                 Tmut/Erth      7%         N/A       7%          2
 Poisonous Vapours        Pois/Air       18%        N/A       7%          2
 Call Canine Familiar     Summ           9%         N/A       14%         3
 Gell's Gravitas          Tloc           9%         N/A       14%         3
 Lesser Beckoning         Tloc           9%         N/A       14%         3
 Portal Projectile        Hex/Tloc       18%        N/A       14%         3
 Spider Form              Tmut/Pois      9%         N/A       14%         3
 Anguish                  Hex/Necr       4%         N/A       43%         4
 Leda's Liquefaction      Hex/Erth       4%         N/A       43%         4


Dungeon Overview and Level Annotations

Branches:
Dungeon (9/15)             Temple (1/1) D:4
   Lair: D:8-11         Orc: D:9-12

Altars:
Ashenzari
Cheibriados
Dithmenos
Fedhas
Gozag
Hepliaklqana
Kikubaaqudgha
Makhleb
Nemelex Xobeh
Okawaru
Qazlal
Ru
Sif Muna
Trog
Uskayaw
Vehumet
Wu Jian
Xom
Yredelemnul
Zin
The Shining One

Shops:
D:8 *[!=

Annotations:
D:4 2 runed translucent doors, fleet's ghost, amateur OpFi
D:8 Maurice
D:9 Grum


Innate Abilities, Weirdness & Mutations

You have a pair of large horns on your head.
A weak demonic guardian rushes to your aid.
You have an unusually large brain. (Int +2)
Spells you cast may paralyse adjacent enemies.


Message History

You whack the water moccasin! You burn the water moccasin.
The water moccasin is severely wounded.
The tengu warrior shouts!
The water moccasin bites you! The water moccasin bites you.
You hit the water moccasin. You burn the water moccasin.
The water moccasin is almost dead.
The tengu warrior unwields a +0 war axe.
The tengu warrior wields a +0 arbalest.
The tengu warrior shoots a bolt.
The bolt hits you!! The water moccasin bites you.
* * * LOW HITPOINT WARNING * * *
You are too injured to fight recklessly!
As you read the scroll of fog, it crumbles to dust.
The scroll dissolves into smoke.
The water moccasin bites you.
* * * LOW HITPOINT WARNING * * *
The water moccasin bites you.
* * * LOW HITPOINT WARNING * * *
You feel much better.
The tengu warrior shoots a bolt.
The bolt closely misses you. The water moccasin barely misses you.
The water moccasin bites you.
You are poisoned.
The water moccasin poisons you! The water moccasin bites you.
A demonic guardian appears!
Found a dagger.
You feel sick. The water moccasin bites you.
Your ufetubus misses the water moccasin. x2
The water moccasin bites you but does no damage.
Your ufetubus barely misses the water moccasin.
Your ufetubus hits the water moccasin.
You feel sick. The water moccasin bites you.
Your ufetubus completely misses the water moccasin.
Your ufetubus misses the water moccasin.
You feel sick.
Your ufetubus hits the water moccasin but does no damage.
Your ufetubus hits the water moccasin.
The water moccasin dies!
Cheibriados thoroughly appreciates the change of pace.
Your Maces & Flails skill increases to level 2!
Found 23 arrows.
You feel sick.
Your ufetubus misses the tengu warrior.
Your ufetubus closely misses the tengu warrior.
The tengu warrior shoots a bolt.
The bolt hits you!!
You die...

.,,*****,*****,,*,***,,**,,*
..,*****,*###.(.,.#,*,,**,,*
.,,,,,,,,,,.....#.#,#,.#*,,*
.,,,,,,,,.,,......#.#..#*,,******
#*******,#.##.....#.#..##..#*,,,,
.,,,,,,,,..................#*,#*,
###,***,,...)..#..#.#..#...##.##.
..#,*,,,,.........§.§............
..#,****,#....<.@.§.§......##.##.
#**+***,,#..#.....#§##§....#.....
#,,,,,*,,,,,#.....§Q§§§.$..##.##.
#,,,,,*,,,.........5§§§§.........
#,,∩,,**,.....#....§#§§§#..##.##.
#,,,,,*,,....Y##...##§§§........>
#,,,,,**,.....###.###..§.#.##..#.
####****...###.##.##.###.#..#....
...#,###.,..###.#.#.###..#..##.#.


You could see a catoblepas, a tengu warrior (ally target) and a friendly
ufetubus (summoned).

Vanquished Creatures
  Prince Ribbit (D:6)
  Sigmund (D:6)
  A wraith (D:7)
  A yak (D:8)
  A water moccasin (D:7)
  A hornet zombie (D:6)
  Pargi (D:3)
  An orc warrior (D:6)
  3 sky beasts
  A black bear (D:7)
  An ogre (D:4)
  2 centaurs (D:7)
  2 necrophages
  A wolf (D:8)
  4 bullfrogs
  A kobold brigand (D:6)
  A scorpion (D:5)
  A wyvern zombie (D:6)
  3 howler monkeys
  A centaur zombie (D:5)
  A centaur skeleton (D:4)
  2 hounds
  A jelly (D:5)
  3 iguanas
  An orc priest (D:7)
  Terence (D:2)
  2 orc wizards
  Robin (D:3)
  A howler monkey zombie (D:6)
  6 gnolls
  5 adders
  A white imp (D:5)
  An ufetubus (D:7)
  A worm (D:2)
  4 dart slugs
  8 orcs
  5 ball pythons
  4 endoplasms
  A giant cockroach (D:1)
  10 hobgoblins
  4 jackals (D:1)
  11 kobolds
  2 quokkas
  8 bats
  4 frilled lizards
  10 goblins
  6 rats
133 creatures vanquished.

Vanquished Creatures (collateral kills)
  A water moccasin (D:8)
  A foxfire (D:4)
2 creatures vanquished.

Vanquished Creatures (others)
  108 foxfires
  2 plants (D:4)
110 creatures vanquished.

Grand Total: 245 creatures vanquished

Notes
Turn   | Place    | Note
-------+----------+-------------------------------------------
     0 | D:1      | DemonSlayer the Demonspawn Fire Elementalist began the
                  | quest for the Orb.
     0 | D:1      | Reached XP level 1. HP: 13/13 MP: 3/3
   470 | D:1      | Gained mutation: You have a pair of small horns on your
                  | head. [demonic ancestry]
   470 | D:1      | Reached XP level 2. HP: 12/19 MP: 0/5
   473 | D:1      | Learned a level 2 spell: Scorch
   960 | D:1      | Reached skill level 2 in Stealth
  1308 | D:2      | Reached XP level 3. HP: 24/24 MP: 2/6
  1447 | D:2      | Found an ornate altar of the Wu Jian Council.
  1704 | D:2      | Noticed Terence
  1720 | D:2      | Killed Terence
  2056 | D:2      | Gained mutation: You have a pair of horns on your head.
                  | [demonic ancestry]
  2056 | D:2      | Reached XP level 4. HP: 30/30 MP: 8/8
  2346 | D:2      | Learned a level 3 spell: Conjure Flame
  2789 | D:3      | Noticed Robin
  2936 | D:3      | Killed Robin
  2937 | D:3      | Reached skill level 1 in Short Blades
  3319 | D:3      | Noticed Pargi
  3326 | D:3      | Killed Pargi
  3327 | D:3      | Gained mutation: Spells you cast may paralyse adjacent
                  | enemies. [demonic ancestry]
  3327 | D:3      | Reached XP level 5. HP: 30/36 MP: 2/9
  3997 | D:3      | Learned a level 4 spell: Flame Wave
  4094 | D:4      | Gained mutation: You have an unusually large brain. (Int
                  | +2) [demonic ancestry]
  4094 | D:4      | Reached XP level 6. HP: 27/42 MP: 0/11
  4203 | D:4      | Found a runed translucent door.
  4211 | D:4      | Found a staircase to the Ecumenical Temple.
  4369 | Temple   | Entered the Ecumenical Temple
  4596 | Temple   | Became a worshipper of Cheibriados the Contemplative
  4621 | D:4      | Noticed fleet's ghost (amateur OpFi)
  4657 | D:4      | Reached skill level 3 in Stealth
  4740 | D:4      | Found a runed translucent door.
  4763 | D:4      | Reached XP level 7. HP: 29/47 MP: 1/13
  4993 | D:4      | Learned a level 4 spell: Olgreb's Toxic Radiance
  5023 | D:5      | Entered Level 5 of the Dungeon
  5295 | D:5      | Reached skill level 1 in Fighting
  5351 | D:5      | Reached skill level 5 in Fire Magic
  5355 | D:5      | Reached skill level 4 in Stealth
  5743 | D:6      | Gained mutation: A weak demonic guardian rushes to your
                  | aid. [demonic ancestry]
  5743 | D:6      | Reached XP level 8. HP: 42/54 MP: 9/15
  5923 | D:6      | Reached * piety under Cheibriados
  5933 | D:6      | Reached skill level 5 in Stealth
  6027 | D:6      | Noticed Sigmund
  6031 | D:6      | Killed Sigmund
  6032 | D:6      | Reached skill level 5 in Spellcasting
  6085 | D:6      | Noticed Prince Ribbit
  6089 | D:6      | Killed Prince Ribbit
  6212 | D:6      | Reached skill level 6 in Stealth
  6782 | D:7      | Learned a level 3 spell: Teleport Other
  6879 | D:7      | Gained mutation: You have a pair of large horns on your
                  | head. [demonic ancestry]
  6879 | D:7      | Reached XP level 9. HP: 49/59 MP: 11/17
  6989 | D:7      | Identified the +9 whip of Drought {flame, Fly rElec rF+
                  | Str-3}
  7484 | D:7      | Reached skill level 1 in Maces & Flails
  7885 | D:7      | Learned a level 3 spell: Stone Arrow
  8342 | D:8      | Found Borituem's Armour Boutique.
  8387 | D:8      | Found Gouxyzxa's Jewellery Boutique.
  8398 | D:8      | Noticed a komodo dragon
  8402 | D:8      | Found Qoeluum's Distillery.
  8437 | D:8      | Found Qiudum's Assorted Antiques.
  8446 | D:9      | Noticed Grum
  8456 | D:8      | Reached skill level 7 in Stealth
  8597 | D:8      | Noticed a tengu warrior
  8597 | D:8      | Noticed Maurice
  8601 | D:8      | Noticed a catoblepas
  8611 | D:8      | Shot with a bolt by a tengu warrior

Illustrated notes

Levels and vault maps discovered:
D:1:      roderic_octagonal_star, layout_basic
D:2:      layout_loops_ring, basic_altar, small_statue_intersection,
          uniq_terence
D:3:      layout_basic, minmay_quantized, uniq_robin, uniq_pargi
D:4:      layout_rooms, minmay_temple_entry_overgrown, ebering_ghost_sewer_f
D:5:      layout_loops_ring
D:6:      layout_basic, minmay_fractal_squares_gapless_5, uniq_sigmund,
          uniq_prince_ribbit1
D:7:      layout_cave_pods, st_stairs_13, minivault_23
D:8:      layout_basic, enter_bailey_7, serial_shops, nicolae_shop_crystal,
          nicolae_shop_waterfront, nicolae_shop_trees, nicolae_shop_statue_plus,
          nicolae_shop_crystal, kb_rosetta, uniq_maurice
D:9:      layout_basic, mainiacjoe_overflow_alcove_4, grunt_ministairs_13,
          uniq_grum
Temple:   mainiacjoe_temple_archimedes_tessellation

Skill      XL: |  1  2  3  4  5  6  7  8  9 |
---------------+----------------------------+-----
Fire Magic     | 3 4 5 6 |  6.7
Stealth        | 2 3 4 6 7 |  7.1
Dodging        | 2 3 |  3.4
Short Blades   | 1 2 3 |  3.3
Spellcasting   | 3 4 5 6 |  6.3
Conjurations   | 2 |  2.5
Fighting       | 1 |  1.7
Maces & Flails | 2 |  2.0

Action                   |  1- 3 |  4- 6 |  7- 9 || total
-------------------------+-------+-------+-------++-------
Melee: Dagger            |    54 |    72 |    45 ||   171
       Headbutt          |     5 |    11 |    16 ||    32
       Punch             |       |     1 |     1 ||     2
       Whip              |       |       |    38 ||    38
 Cast: Foxfire           |    51 |    16 |     4 ||    71
       Scorch            |     2 |    27 |    49 ||    78
  Use: Scroll            |       |       |    20 ||    20
       Potion            |       |       |     4 ||     4
 Stab: Sleeping          |     4 |     2 |    14 ||    20
       Paralysed         |       |     4 |    17 ||    21
Armor: Robe              |    12 |    32 |    36 ||    80
Dodge: Dodged            |    41 |    48 |    79 ||   168
